Pick #1

Connor Bedard
Pick #2

Leo Carlsson
Pick #3

Adam Fantilli
Pick #4

Matvei Michkov
Pick #5

David Reinbacher
Pick #6

William Smith
Pick #7

Zachary Benson
Pick #8

Ryan Leonard
Pick #9

Gabriel Perreault
Pick #10

Axel Sandin-Pellika
Pick #11

Daniil But
Pick #12

Dalibor Dvorsky
Pick #13

Quentin Musty
Pick #14

Brayden Yager
Pick #15

Dmitry Simashev
Pick #16

Colby Barlow
Pick #17

Andrew Cristall
Pick #18

Easton Cowan
Pick #19

Jacob Fowler
Pick #20

Oliver Moore
Pick #21

Oliver Bonk
Pick #22

Tom Willander
Pick #23

Calum Ritchie
Pick #24

Tanner Molendyk
Pick #25

Gavin Brindley
Pick #26

Nate Danielson
Pick #27

Pick #28

Pick #29

Pick #30

Pick #31

Pick #32

Pick #33

Pick #34

Pick #35

Pick #36

Pick #37

Pick #38

Pick #39

Pick #40

Pick #41

Pick #42

Pick #43

Pick #44

Pick #45

Pick #46

Pick #47

Pick #48

Pick #49

Pick #50

Pick #51

Pick #52

Pick #53

Pick #54

Pick #55

Pick #56

Pick #57

Pick #58

Pick #59

Pick #60

Pick #61

Pick #62

Pick #63

Pick #64

Pick #65

Pick #66

Pick #67

Pick #68

Pick #69

Pick #70

Pick #71

Pick #72

Pick #73

Pick #74

Pick #75

Pick #76

Pick #77

Pick #78

Pick #79

Pick #80

Pick #81

Pick #82

Pick #83

Pick #84

Pick #85

Pick #86

Pick #87

Pick #88

Pick #89

Pick #90

Pick #91

Pick #92

Pick #93

Pick #94

Pick #95

Pick #96

Pick #97

Pick #98

Pick #99

Pick #100

Pick #101

Pick #102

Pick #103

Pick #104

Pick #105

Pick #106

Pick #107

Pick #108

Pick #109

Pick #110

Pick #111

Pick #112

Pick #113

Pick #114

Pick #115

Pick #116

Pick #117

Pick #118

Pick #119

Pick #120

Pick #121

Pick #122

Pick #123

Pick #124

Pick #125

Pick #126

Pick #127

Pick #128

Pick #129

Pick #130

Full Scoreboard »»

Sabres vs BlackHawks

Created - November 19, 2023 at 00:01

Goals
1 2 3 OT1 SO T
Sabres 2 1 1 0 2 5
BlackHawks 3 1 0 0 1 4
Shots
1 2 3 OT1 SO T
Sabres 10 11 10 1 4 32
BlackHawks 17 13 15 2 4 47

GoalsPenalties
1st period
1. Sabres , Jesper Fast 5 (Victor Soderstrom 4, Blake Coleman 8) at 6:36
2. Sabres , Jonathan Drouin 3 (Brian Dumoulin 8, James Reimer) at 11:40
3. BlackHawks , Ty Dellandrea 5 (Tyler Seguin 5, Justin Braun 3) at 15:22
4. BlackHawks , Andrei Kuzmenko 8 (Kirill Kaprizov 7, Zach Bogosian 2) at 15:44
5. BlackHawks , Andrei Kuzmenko 9 (Kirill Kaprizov 8, Zach Bogosian 3) at 17:58
Zach Sanford (BUF) for High sticking (Minor) at 3:36
2nd period
6. Sabres , Philippe Myers 3 (Blake Coleman 9, Kaedan Korczak 4) at 7:01 (PP)
7. BlackHawks , Anders Lee 3 (Tyler Seguin 6) at 11:45
Ivan Barbashev (CHI) for Holding (Minor) at 6:45
3rd period
8. Sabres , Juraj Slafkovsky 1 (Brian Dumoulin 9, Brenden Dillon 6) at 5:00 (PP)
Victor Soderstrom (BUF) for Holding (Minor) at 1:04
Justin Braun (CHI) for Tripping (Minor) at 3:10
Juraj Slafkovsky (BUF) for Holding (Minor) at 7:26
Sonny Milano (CHI) for Hooking (Minor) at 17:21
Philippe Myers (BUF) for Hooking (Minor) at 17:21
Overtime #1
No Goal
Shootout
Sabres, Corey Perry - Stopped by Marc-Andre Fleury
BlackHawks, Kirill Kaprizov - Stopped by James Reimer
Sabres, Mason McTavish - Stopped by Marc-Andre Fleury
BlackHawks, Ivan Barbashev - Goal!
Sabres, Jake Neighbours - Goal!
BlackHawks, Andrei Kuzmenko - Stopped by James Reimer
Sabres, Jonathan Drouin - Goal!
BlackHawks, Jaden Schwartz - Stopped by James Reimer
Goalie Stats
James Reimer (BUF), 43 saves from 47 shots - (0.915), W, 2-8-1, 65:00 minutes
Marc-Andre Fleury (CHI), 28 saves from 32 shots - (0.875), OTL, 7-7-2, 65:00 minutes
3 StarsOfficial
1 - Andrei Kuzmenko (CHI)
2 - Ty Dellandrea (CHI)
3 - Zach Bogosian (CHI)
Referees : Troy Paterson and Francois St-Laurent
Linesman : Jaime Alary and Kiel Murchison
Game Note
No Game Note
Finance
Level 1 -- Attendance: 6500 (100.00%) -- Ticket Income $715,000
Level 2 -- Attendance: 3435 (68.70%) -- Ticket Income $343,500
Level 3 -- Attendance: 2392 (68.34%) -- Ticket Income $203,320
Level 4 -- Attendance: 2151 (57.87%) -- Ticket Income $107,550
Luxury Box -- Attendance: 966 (96.60%) -- Ticket Income $193,200
Game was played at the United Center.
Total Attendance: 15444 (78.33%)
Total Ticket Income: $1,562,570
Other Income: $390,642
Total Income: $1,953,212



Team Name Goals Shots Shots Attemp Shots Blocked PIM HIT PP PK FO%
Sabres 53268178252 / 2 (100%)043%
BlackHawks 44799116210 / 3 (0%)257%

Sabres
Player Name POS G A P +/- PIM HIT SHT SB MP PP MP PP SHT PK MP PK SHT FO% FOT
Blake ColemanC022-1045022:070:5302:38053% 30
Brenden DillonD0110021326:171:1313:0200% 0
Brett HowdenC000-101016:070:0000:00025% 8
Brian DumoulinD0220000327:411:1303:0200% 0
Corey PerryRW0000020020:471:1302:50050% 2
Jake NeighboursLW0000001016:240:5300:0000% 0
Jansen HarkinsC000-100006:190:0000:1200% 1
Jesper FastRW101-1008020:510:0003:070100% 1
Jonathan DrouinLW1010012016:450:5310:00035% 20
Juraj SlafkovskyLW1010214017:061:1310:0000% 0
Kaedan KorczakD011-1000117:200:5300:0000% 0
Mason AppletonC0000012116:080:0003:07038% 26
Mason McTavishC000-1013021:291:1300:00057% 7
Milan LucicLW0000031011:530:0000:0000% 1
Philippe MyersD101-1213016:240:5330:4500% 0
Tobias BjornfotD000-1031519:010:0002:5500% 0
Victor SoderstromD011-1240218:150:0002:1000% 0
Zach SanfordLW000-121116:060:0000:000100% 1
BlackHawks
Player Name POS G A P +/- PIM HIT SHT SB MP PP MP PP SHT PK MP PK SHT FO% FOT
Anders LeeLW1012005018:382:1420:00050% 2
Andrei KuzmenkoLW2020008024:333:4310:0000% 1
Braden SchneiderD000-1053227:333:0231:1500% 0
Derek ForbortD0001003322:162:5520:5100% 0
Haydn FleuryD0002000113:010:0000:0000% 0
Ivan BarbashevC0000247025:223:4320:00044% 34
Jaden SchwartzC0000013015:312:1400:30076% 21
Jordan MartinookLW000000107:430:0001:3600% 0
Justin BraunD0112200013:000:0000:0000% 0
Kirill KaprizovLW0220036025:233:4320:00033% 3
Marc-Edouard VlasicD000-1001227:403:0211:1500% 0
Max DomiC0000001011:170:0000:000100% 1
Nick RitchieLW000003006:360:0000:3000% 0
Ryan DonatoC000000005:190:0000:00075% 4
Sonny MilanoLW0000201010:290:0000:00050% 2
Ty DellandreaC1012034117:120:0001:36060% 5
Tyler SeguinC0222004017:502:1420:00058% 24
Zach BogosianD0221020221:292:5500:5100% 0



Play-by-Play

1st period


0:01 of 1st period - Blake Coleman wins face-off versus Kirill Kaprizov in neutral zone.
0:29 of 1st period - Shot by Andrei Kuzmenko.
0:29 of 1st period - Stopped by James Reimer without a rebound.
0:30 of 1st period - Jonathan Drouin wins face-off versus Tyler Seguin in Sabres zone.
0:30 of 1st period - Jonathan Drouin is hit by Ty Dellandrea.
0:40 of 1st period - Shot by Jonathan Drouin.
0:40 of 1st period - Shot Misses the Net.
0:42 of 1st period - Shot by Juraj Slafkovsky.
0:42 of 1st period - Stopped by Marc-Andre Fleury without a rebound.
0:43 of 1st period - Mason Appleton wins face-off versus Jaden Schwartz in BlackHawks zone.
0:47 of 1st period - Shot by Mason Appleton.
0:47 of 1st period - Shot Misses the Net.
1:11 of 1st period - Icing by Mason Appleton.
1:12 of 1st period - Ty Dellandrea wins face-off versus Mason Appleton in Sabres zone.
1:27 of 1st period - Shot by Jake Neighbours.
1:27 of 1st period - Deflect By Milan Lucic.
1:27 of 1st period - Shot Blocked by Ty Dellandrea.
2:03 of 1st period - Icing by Victor Soderstrom.
2:04 of 1st period - Kirill Kaprizov wins face-off versus Jonathan Drouin in Sabres zone.
2:10 of 1st period - Kirill Kaprizov is hit by Victor Soderstrom and loses puck.
3:09 of 1st period - Brian Dumoulin is hit by Nick Ritchie and loses puck.
3:20 of 1st period - Justin Braun is hit by Blake Coleman and loses puck.
3:28 of 1st period - Icing by Jordan Martinook.
3:29 of 1st period - Brett Howden wins face-off versus Ryan Donato in BlackHawks zone.
3:33 of 1st period - Icing by Justin Braun.
3:34 of 1st period - Ryan Donato wins face-off versus Brett Howden in BlackHawks zone.
3:34 of 1st period - Justin Braun is hit by Zach Sanford and loses puck.
3:36 of 1st period - Minor Penalty to Zach Sanford for High sticking.
3:37 of 1st period - Blake Coleman wins face-off versus Ivan Barbashev in Sabres zone.
3:46 of 1st period - Shot by Kirill Kaprizov.
3:46 of 1st period - Stopped by James Reimer with a rebound.
4:06 of 1st period - Shot by Marc-Edouard Vlasic.
4:06 of 1st period - Shot Misses the Net.
4:08 of 1st period - Shot by Ivan Barbashev.
4:08 of 1st period - Stopped by James Reimer with a rebound.
4:10 of 1st period - Shot by Marc-Edouard Vlasic.
4:10 of 1st period - Shot Misses the Net.
4:12 of 1st period - Shot by Marc-Edouard Vlasic.
4:12 of 1st period - Shot Blocked by Mason Appleton.
4:14 of 1st period - Shot by Braden Schneider.
4:14 of 1st period - Stopped by James Reimer without a rebound.
4:15 of 1st period - Jaden Schwartz wins face-off versus Corey Perry in Sabres zone.
4:18 of 1st period - Shot by Zach Bogosian.
4:18 of 1st period - Shot Blocked by Brian Dumoulin.
4:20 of 1st period - Shot by Tyler Seguin.
4:20 of 1st period - Shot Misses the Net.
4:22 of 1st period - Shot by Derek Forbort.
4:22 of 1st period - Shot Misses the Net.
4:30 of 1st period - Shot by Anders Lee.
4:30 of 1st period - Shot Blocked by Brian Dumoulin.
4:32 of 1st period - Shot by Tyler Seguin.
4:32 of 1st period - Shot Misses the Net.
4:34 of 1st period - Shot by Derek Forbort.
4:34 of 1st period - Shot Blocked by Brenden Dillon.
4:46 of 1st period - Shot by Derek Forbort.
4:46 of 1st period - Shot Misses the Net.
4:55 of 1st period - Shot by Derek Forbort.
4:55 of 1st period - Stopped by James Reimer with a rebound.
5:15 of 1st period - Shot by Kirill Kaprizov.
5:15 of 1st period - Stopped by James Reimer without a rebound.
5:16 of 1st period - Mason Appleton wins face-off versus Ivan Barbashev in Sabres zone.
5:43 of 1st period - Shot by Ryan Donato.
5:43 of 1st period - Shot Blocked by Zach Sanford.
5:55 of 1st period - Shot by Ryan Donato.
5:55 of 1st period - Shot Misses the Net.
6:13 of 1st period - Shot by Jordan Martinook.
6:13 of 1st period - Stopped by James Reimer without a rebound.
6:14 of 1st period - Mason Appleton wins face-off versus Ivan Barbashev in Sabres zone.
6:32 of 1st period - Icing by Marc-Edouard Vlasic.
6:33 of 1st period - Blake Coleman wins face-off versus Ivan Barbashev in BlackHawks zone.
6:36 of 1st period - Shot by Jesper Fast.
6:36 of 1st period - Goal by Jesper Fast - Sabres : 1 - BlackHawks : 0.
6:37 of 1st period - Blake Coleman wins face-off versus Tyler Seguin in neutral zone.
6:42 of 1st period - Shot by Mason McTavish.
6:42 of 1st period - Shot Blocked by Zach Bogosian.
6:48 of 1st period - Shot by Blake Coleman.
6:48 of 1st period - Shot Misses the Net.
6:50 of 1st period - Shot by Jesper Fast.
6:50 of 1st period - Stopped by Marc-Andre Fleury without a rebound.
6:51 of 1st period - Jonathan Drouin wins face-off versus Andrei Kuzmenko in BlackHawks zone.
6:58 of 1st period - Shot by Jonathan Drouin.
6:58 of 1st period - Shot Blocked by Marc-Edouard Vlasic.
7:04 of 1st period - Shot by Kirill Kaprizov.
7:04 of 1st period - Shot Misses the Net.
7:06 of 1st period - Shot by Kirill Kaprizov.
7:06 of 1st period - Shot Misses the Net.
7:08 of 1st period - Shot by Kirill Kaprizov.
7:08 of 1st period - Shot Misses the Net.
7:10 of 1st period - Shot by Ivan Barbashev.
7:10 of 1st period - Shot Misses the Net.
7:12 of 1st period - Shot by Ivan Barbashev.
7:12 of 1st period - Stopped by James Reimer without a rebound.
7:13 of 1st period - Jesper Fast wins face-off versus Sonny Milano in Sabres zone.
7:22 of 1st period - Shot by Max Domi.
7:22 of 1st period - Shot Misses the Net.
7:53 of 1st period - Icing by Zach Bogosian.
7:54 of 1st period - Jaden Schwartz wins face-off versus Jonathan Drouin in BlackHawks zone.
8:34 of 1st period - Shot by Kirill Kaprizov.
8:34 of 1st period - Shot Hit the Post.
8:36 of 1st period - Shot by Ivan Barbashev.
8:36 of 1st period - Shot Hit the Post.
8:38 of 1st period - Shot by Marc-Edouard Vlasic.
8:38 of 1st period - Shot Blocked by Brian Dumoulin.
8:40 of 1st period - Shot by Ivan Barbashev.
8:40 of 1st period - Stopped by James Reimer without a rebound.
8:41 of 1st period - Mason Appleton wins face-off versus Tyler Seguin in Sabres zone.
8:43 of 1st period - Icing by Philippe Myers.
8:44 of 1st period - Mason Appleton wins face-off versus Tyler Seguin in Sabres zone.
9:01 of 1st period - Shot by Mason Appleton.
9:01 of 1st period - Stopped by Marc-Andre Fleury without a rebound.
9:02 of 1st period - Blake Coleman wins face-off versus Ivan Barbashev in BlackHawks zone.
9:13 of 1st period - Shot by Blake Coleman.
9:13 of 1st period - Stopped by Marc-Andre Fleury without a rebound.
9:14 of 1st period - Tyler Seguin wins face-off versus Mason Appleton in BlackHawks zone.
9:16 of 1st period - Anders Lee is hit by Mason Appleton and loses puck.
9:33 of 1st period - Shot by Milan Lucic.
9:33 of 1st period - Stopped by Marc-Andre Fleury without a rebound.
9:34 of 1st period - Blake Coleman wins face-off versus Ivan Barbashev in BlackHawks zone.
9:36 of 1st period - Mason McTavish is hit by Zach Bogosian and loses puck.
9:55 of 1st period - Shot by Ivan Barbashev.
9:55 of 1st period - Shot Blocked by Tobias Bjornfot.
9:57 of 1st period - Shot by Andrei Kuzmenko.
9:57 of 1st period - Stopped by James Reimer without a rebound.
9:58 of 1st period - Tyler Seguin wins face-off versus Jonathan Drouin in Sabres zone.
9:58 of 1st period - Tyler Seguin is hit by Brenden Dillon.
10:06 of 1st period - Shot by Tyler Seguin.
10:06 of 1st period - Deflect By Anders Lee.
10:06 of 1st period - Stopped by James Reimer without a rebound.
10:07 of 1st period - Tyler Seguin wins face-off versus Mason Appleton in Sabres zone.
10:09 of 1st period - Ty Dellandrea is hit by Brenden Dillon and loses puck.
10:34 of 1st period - Shot by Mason Appleton.
10:34 of 1st period - Shot Misses the Net.
10:37 of 1st period - Icing by Braden Schneider.
10:38 of 1st period - Tyler Seguin wins face-off versus Blake Coleman in BlackHawks zone.
10:56 of 1st period - Shot by Blake Coleman.
10:56 of 1st period - Shot Misses the Net.
11:09 of 1st period - Blake Coleman is hit by Braden Schneider and loses puck.
11:15 of 1st period - Blake Coleman is hit by Braden Schneider and loses puck.
11:40 of 1st period - Shot by Jonathan Drouin.
11:40 of 1st period - The goal is going for a video replay.
11:40 of 1st period - The goal is good.
11:40 of 1st period - Goal by Jonathan Drouin - Sabres : 2 - BlackHawks : 0.
11:41 of 1st period - Mason Appleton wins face-off versus Kirill Kaprizov in neutral zone.
11:58 of 1st period - Shot by Ivan Barbashev.
11:58 of 1st period - Deflect By Kirill Kaprizov.
11:58 of 1st period - Shot Misses the Net.
12:51 of 1st period - Haydn Fleury is hit by Jonathan Drouin and loses puck.
13:29 of 1st period - Off-side.
13:30 of 1st period - Ryan Donato wins face-off versus Blake Coleman in neutral zone.
14:01 of 1st period - Shot by Kaedan Korczak.
14:01 of 1st period - Shot Hit the Post.
14:03 of 1st period - Shot by Blake Coleman.
14:03 of 1st period - Shot Misses the Net.
14:05 of 1st period - Shot by Jesper Fast.
14:05 of 1st period - Shot Misses the Net.
14:57 of 1st period - Shot by Ivan Barbashev.
14:57 of 1st period - Stopped by James Reimer without a rebound.
14:58 of 1st period - Jonathan Drouin wins face-off versus Tyler Seguin in Sabres zone.
14:58 of 1st period - Jonathan Drouin is hit by Ty Dellandrea.
15:20 of 1st period - Shot by Tyler Seguin.
15:20 of 1st period - Stopped by James Reimer with a rebound.
15:22 of 1st period - Shot by Ty Dellandrea.
15:22 of 1st period - Goal by Ty Dellandrea - Sabres : 2 - BlackHawks : 1.
15:23 of 1st period - Blake Coleman wins face-off versus Ivan Barbashev in neutral zone.
15:44 of 1st period - Shot by Andrei Kuzmenko.
15:44 of 1st period - Goal by Andrei Kuzmenko - Sabres : 2 - BlackHawks : 2.
15:45 of 1st period - Tyler Seguin wins face-off versus Jonathan Drouin in neutral zone.
16:05 of 1st period - Icing by Brian Dumoulin.
16:06 of 1st period - Ivan Barbashev wins face-off versus Jonathan Drouin in Sabres zone.
16:07 of 1st period - Shot by Kirill Kaprizov.
16:07 of 1st period - Shot Misses the Net.
16:09 of 1st period - Shot by Kirill Kaprizov.
16:09 of 1st period - Shot Misses the Net.
16:46 of 1st period - Shot by Kirill Kaprizov.
16:46 of 1st period - Stopped by James Reimer without a rebound.
16:47 of 1st period - Mason McTavish wins face-off versus Tyler Seguin in Sabres zone.
17:18 of 1st period - Shot by Blake Coleman.
17:18 of 1st period - Stopped by Marc-Andre Fleury without a rebound.
17:19 of 1st period - Jaden Schwartz wins face-off versus Mason Appleton in BlackHawks zone.
17:30 of 1st period - Shot by Mason Appleton.
17:30 of 1st period - Shot Blocked by Haydn Fleury.
17:32 of 1st period - Shot by Philippe Myers.
17:32 of 1st period - Shot Misses the Net.
17:34 of 1st period - Shot by Milan Lucic.
17:34 of 1st period - Shot Misses the Net.
17:36 of 1st period - Shot by Jake Neighbours.
17:36 of 1st period - Shot Misses the Net.
17:38 of 1st period - Shot by Jake Neighbours.
17:38 of 1st period - Stopped by Marc-Andre Fleury without a rebound.
17:39 of 1st period - Zach Sanford wins face-off versus Ivan Barbashev in BlackHawks zone.
17:56 of 1st period - Shot by Andrei Kuzmenko.
17:56 of 1st period - Shot Misses the Net.
17:58 of 1st period - Shot by Andrei Kuzmenko.
17:58 of 1st period - Goal by Andrei Kuzmenko - Sabres : 2 - BlackHawks : 3.
17:59 of 1st period - Jaden Schwartz wins face-off versus Blake Coleman in neutral zone.
17:59 of 1st period - Sonny Milano is hit by Blake Coleman and loses puck.
18:19 of 1st period - Shot by Jesper Fast.
18:19 of 1st period - Deflect By Blake Coleman.
18:19 of 1st period - Shot Misses the Net.
18:21 of 1st period - Shot by Blake Coleman.
18:21 of 1st period - Deflect By Mason McTavish.
18:21 of 1st period - Stopped by Marc-Andre Fleury without a rebound.
18:22 of 1st period - Mason Appleton wins face-off versus Ivan Barbashev in BlackHawks zone.
19:02 of 1st period - Shot by Mason Appleton.
19:02 of 1st period - Shot Misses the Net.
19:09 of 1st period - Zach Bogosian is hit by Milan Lucic and loses puck.
Goals for this period are 2 for Sabres vs 3 for BlackHawks.
Shots for this period are 10 for Sabres vs 17 for BlackHawks.

2nd period


0:01 of 2nd period - Ivan Barbashev wins face-off versus Jonathan Drouin in neutral zone.
0:21 of 2nd period - Brian Dumoulin is hit by Ivan Barbashev and loses puck.
0:26 of 2nd period - Ivan Barbashev is hit by Corey Perry and loses puck.
0:55 of 2nd period - Blake Coleman is hit by Ivan Barbashev.
1:41 of 2nd period - Icing by Tobias Bjornfot.
1:42 of 2nd period - Jaden Schwartz wins face-off versus Brett Howden in Sabres zone.
1:49 of 2nd period - Shot by Jaden Schwartz.
1:49 of 2nd period - Stopped by James Reimer with a rebound.
2:17 of 2nd period - Shot by Zach Sanford.
2:17 of 2nd period - Shot Misses the Net.
2:19 of 2nd period - Shot by Tobias Bjornfot.
2:19 of 2nd period - Stopped by Marc-Andre Fleury with a rebound.
2:23 of 2nd period - Shot by Zach Sanford.
2:23 of 2nd period - Stopped by Marc-Andre Fleury without a rebound.
2:24 of 2nd period - Tyler Seguin wins face-off versus Jonathan Drouin in BlackHawks zone.
3:53 of 2nd period - Justin Braun is hit by Blake Coleman and loses puck.
5:26 of 2nd period - Shot by Kirill Kaprizov.
5:26 of 2nd period - Stopped by James Reimer without a rebound.
5:27 of 2nd period - Tyler Seguin wins face-off versus Blake Coleman in Sabres zone.
5:27 of 2nd period - Tyler Seguin is hit by Philippe Myers.
6:10 of 2nd period - Shot by Ty Dellandrea.
6:10 of 2nd period - Stopped by James Reimer without a rebound.
6:11 of 2nd period - Jonathan Drouin wins face-off versus Ivan Barbashev in Sabres zone.
6:45 of 2nd period - Minor Penalty to Ivan Barbashev for Holding.
6:46 of 2nd period - Ty Dellandrea wins face-off versus Blake Coleman in BlackHawks zone.
7:01 of 2nd period - Shot by Philippe Myers.
7:01 of 2nd period - Goal by Philippe Myers - Sabres : 3 - BlackHawks : 3.
7:02 of 2nd period - Jaden Schwartz wins face-off versus Brett Howden in neutral zone.
7:09 of 2nd period - Shot by Jaden Schwartz.
7:09 of 2nd period - Stopped by James Reimer without a rebound.
7:10 of 2nd period - Ivan Barbashev wins face-off versus Milan Lucic in Sabres zone.
7:35 of 2nd period - Shot by Ivan Barbashev.
7:35 of 2nd period - Shot Blocked by Brenden Dillon.
7:37 of 2nd period - Shot by Ivan Barbashev.
7:37 of 2nd period - Shot Misses the Net.
8:14 of 2nd period - Icing by Braden Schneider.
8:15 of 2nd period - Jaden Schwartz wins face-off versus Blake Coleman in BlackHawks zone.
8:39 of 2nd period - Max Domi is hit by Tobias Bjornfot and loses puck.
8:48 of 2nd period - Shot by Jesper Fast.
8:48 of 2nd period - Stopped by Marc-Andre Fleury without a rebound.
8:49 of 2nd period - Tyler Seguin wins face-off versus Jonathan Drouin in BlackHawks zone.
9:14 of 2nd period - Shot by Tyler Seguin.
9:14 of 2nd period - Stopped by James Reimer with a rebound.
9:16 of 2nd period - Shot by Anders Lee.
9:16 of 2nd period - Shot Misses the Net.
9:18 of 2nd period - Shot by Tyler Seguin.
9:18 of 2nd period - Shot Misses the Net.
9:52 of 2nd period - Shot by Andrei Kuzmenko.
9:52 of 2nd period - Deflect By Kirill Kaprizov.
9:52 of 2nd period - Shot Hit the Post.
9:56 of 2nd period - Shot by Kirill Kaprizov.
9:56 of 2nd period - Stopped by James Reimer without a rebound.
9:57 of 2nd period - Jaden Schwartz wins face-off versus Mason Appleton in Sabres zone.
9:58 of 2nd period - Shot by Max Domi.
9:58 of 2nd period - Shot Blocked by Brenden Dillon.
10:59 of 2nd period - Icing by Braden Schneider.
11:00 of 2nd period - Jaden Schwartz wins face-off versus Brett Howden in BlackHawks zone.
11:19 of 2nd period - Shot by Kirill Kaprizov.
11:19 of 2nd period - Shot Blocked by Brett Howden.
11:43 of 2nd period - Shot by Ivan Barbashev.
11:43 of 2nd period - Stopped by James Reimer without a rebound.
11:44 of 2nd period - Tyler Seguin wins face-off versus Blake Coleman in Sabres zone.
11:45 of 2nd period - Shot by Anders Lee.
11:45 of 2nd period - Goal by Anders Lee - Sabres : 3 - BlackHawks : 4.
11:46 of 2nd period - Blake Coleman wins face-off versus Tyler Seguin in neutral zone.
11:53 of 2nd period - Shot by Anders Lee.
11:53 of 2nd period - Shot Blocked by Tobias Bjornfot.
12:05 of 2nd period - Shot by Mason McTavish.
12:05 of 2nd period - Shot Misses the Net.
12:07 of 2nd period - Shot by Blake Coleman.
12:07 of 2nd period - Deflect By Jesper Fast.
12:07 of 2nd period - The goal is going for a video replay.
12:07 of 2nd period - The goal is refused.
12:08 of 2nd period - Jonathan Drouin wins face-off versus Ivan Barbashev in BlackHawks zone.
13:09 of 2nd period - Shot by Jesper Fast.
13:09 of 2nd period - Shot Misses the Net.
13:25 of 2nd period - Shot by Mason McTavish.
13:25 of 2nd period - Stopped by Marc-Andre Fleury with a rebound.
13:27 of 2nd period - Shot by Mason McTavish.
13:27 of 2nd period - Deflect By Jesper Fast.
13:27 of 2nd period - Stopped by Marc-Andre Fleury without a rebound.
13:28 of 2nd period - Mason Appleton wins face-off versus Anders Lee in BlackHawks zone.
13:28 of 2nd period - Milan Lucic is hit by Braden Schneider.
14:19 of 2nd period - Braden Schneider is hit by Milan Lucic and loses puck.
15:17 of 2nd period - Shot by Jaden Schwartz.
15:17 of 2nd period - Stopped by James Reimer with a rebound.
15:29 of 2nd period - Brenden Dillon is hit by Nick Ritchie and loses puck.
15:51 of 2nd period - Shot by Derek Forbort.
15:51 of 2nd period - Stopped by James Reimer without a rebound.
15:52 of 2nd period - Ivan Barbashev wins face-off versus Jonathan Drouin in Sabres zone.
15:52 of 2nd period - Ivan Barbashev is hit by Victor Soderstrom.
16:00 of 2nd period - Shot by Andrei Kuzmenko.
16:00 of 2nd period - Shot Misses the Net.
16:14 of 2nd period - Shot by Kirill Kaprizov.
16:14 of 2nd period - Shot Blocked by Victor Soderstrom.
17:02 of 2nd period - Shot by Mason Appleton.
17:02 of 2nd period - Stopped by Marc-Andre Fleury without a rebound.
17:03 of 2nd period - Brett Howden wins face-off versus Tyler Seguin in BlackHawks zone.
17:07 of 2nd period - Brett Howden is hit by Zach Bogosian.
17:35 of 2nd period - Shot by Ty Dellandrea.
17:35 of 2nd period - Shot Blocked by Kaedan Korczak.
17:37 of 2nd period - Shot by Ty Dellandrea.
17:37 of 2nd period - Stopped by James Reimer without a rebound.
17:38 of 2nd period - Max Domi wins face-off versus Mason Appleton in Sabres zone.
17:44 of 2nd period - Shot by Max Domi.
17:44 of 2nd period - Stopped by James Reimer without a rebound.
17:45 of 2nd period - Jonathan Drouin wins face-off versus Jaden Schwartz in Sabres zone.
17:54 of 2nd period - Shot by Juraj Slafkovsky.
17:54 of 2nd period - Shot Misses the Net.
17:58 of 2nd period - Shot by Corey Perry.
17:58 of 2nd period - Deflect By Juraj Slafkovsky.
17:58 of 2nd period - Stopped by Marc-Andre Fleury with a rebound.
18:26 of 2nd period - Shot by Juraj Slafkovsky.
18:26 of 2nd period - Deflect By Corey Perry.
18:26 of 2nd period - Shot Misses the Net.
18:52 of 2nd period - Shot by Jesper Fast.
18:52 of 2nd period - Stopped by Marc-Andre Fleury without a rebound.
18:53 of 2nd period - Ivan Barbashev wins face-off versus Mason Appleton in BlackHawks zone.
19:06 of 2nd period - Shot by Andrei Kuzmenko.
19:06 of 2nd period - Stopped by James Reimer without a rebound.
19:07 of 2nd period - Tyler Seguin wins face-off versus Blake Coleman in Sabres zone.
19:14 of 2nd period - Shot by Tyler Seguin.
19:14 of 2nd period - Shot Blocked by Tobias Bjornfot.
19:26 of 2nd period - Shot by Blake Coleman.
19:26 of 2nd period - Shot Blocked by Zach Bogosian.
19:32 of 2nd period - Shot by Mason McTavish.
19:32 of 2nd period - Shot Blocked by Derek Forbort.
19:34 of 2nd period - Shot by Blake Coleman.
19:34 of 2nd period - Shot Blocked by Derek Forbort.
19:36 of 2nd period - Shot by Blake Coleman.
19:36 of 2nd period - Stopped by Marc-Andre Fleury without a rebound.
19:37 of 2nd period - Ivan Barbashev wins face-off versus Jonathan Drouin in BlackHawks zone.
19:39 of 2nd period - Icing by Kirill Kaprizov.
19:40 of 2nd period - Ivan Barbashev wins face-off versus Jonathan Drouin in BlackHawks zone.
Goals for this period are 1 for Sabres vs 1 for BlackHawks.
Shots for this period are 11 for Sabres vs 13 for BlackHawks.

3rd period


0:01 of 3rd period - Blake Coleman wins face-off versus Ivan Barbashev in neutral zone.
0:10 of 3rd period - Marc-Edouard Vlasic is hit by Blake Coleman and loses puck.
0:15 of 3rd period - Braden Schneider is hit by Mason McTavish and loses puck.
0:26 of 3rd period - Shot by Blake Coleman.
0:26 of 3rd period - Stopped by Marc-Andre Fleury without a rebound.
0:27 of 3rd period - Jonathan Drouin wins face-off versus Tyler Seguin in BlackHawks zone.
0:34 of 3rd period - Shot by Anders Lee.
0:34 of 3rd period - Shot Blocked by Tobias Bjornfot.
1:04 of 3rd period - Shot by Anders Lee.
1:04 of 3rd period - Stopped by James Reimer without a rebound.
1:04 of 3rd period - Minor Penalty to Victor Soderstrom for Holding.
1:05 of 3rd period - Mason Appleton wins face-off versus Ivan Barbashev in Sabres zone.
1:19 of 3rd period - Off-side.
1:20 of 3rd period - Blake Coleman wins face-off versus Ivan Barbashev in neutral zone.
1:40 of 3rd period - Philippe Myers is hit by Kirill Kaprizov and loses puck.
1:51 of 3rd period - Shot by Marc-Edouard Vlasic.
1:51 of 3rd period - Stopped by James Reimer without a rebound.
1:52 of 3rd period - Jaden Schwartz wins face-off versus Mason Appleton in Sabres zone.
2:01 of 3rd period - Shot by Anders Lee.
2:01 of 3rd period - Stopped by James Reimer without a rebound.
2:02 of 3rd period - Jaden Schwartz wins face-off versus Mason Appleton in Sabres zone.
2:29 of 3rd period - Shot by Tyler Seguin.
2:29 of 3rd period - Stopped by James Reimer without a rebound.
2:30 of 3rd period - Ivan Barbashev wins face-off versus Blake Coleman in Sabres zone.
2:55 of 3rd period - Shot by Andrei Kuzmenko.
2:55 of 3rd period - Stopped by James Reimer without a rebound.
2:56 of 3rd period - Blake Coleman wins face-off versus Jaden Schwartz in Sabres zone.
3:10 of 3rd period - Minor Penalty to Justin Braun for Tripping.
3:11 of 3rd period - Corey Perry wins face-off versus Ty Dellandrea in BlackHawks zone.
3:18 of 3rd period - Shot by Brenden Dillon.
3:18 of 3rd period - Stopped by Marc-Andre Fleury without a rebound.
3:19 of 3rd period - Mason McTavish wins face-off versus Ty Dellandrea in BlackHawks zone.
4:21 of 3rd period - Shot by Blake Coleman.
4:21 of 3rd period - Shot Misses the Net.
4:23 of 3rd period - Shot by Philippe Myers.
4:23 of 3rd period - Stopped by Marc-Andre Fleury with a rebound.
4:25 of 3rd period - Shot by Blake Coleman.
4:25 of 3rd period - Deflect By Jonathan Drouin.
4:25 of 3rd period - Stopped by Marc-Andre Fleury without a rebound.
4:26 of 3rd period - Jaden Schwartz wins face-off versus Blake Coleman in BlackHawks zone.
4:41 of 3rd period - Shot by Blake Coleman.
4:41 of 3rd period - Shot Blocked by Derek Forbort.
4:43 of 3rd period - Shot by Philippe Myers.
4:43 of 3rd period - Stopped by Marc-Andre Fleury without a rebound.
4:44 of 3rd period - Ty Dellandrea wins face-off versus Mason McTavish in BlackHawks zone.
4:44 of 3rd period - Ty Dellandrea is hit by Juraj Slafkovsky.
4:58 of 3rd period - Shot by Brian Dumoulin.
4:58 of 3rd period - Shot Misses the Net.
5:00 of 3rd period - Shot by Juraj Slafkovsky.
5:00 of 3rd period - Goal by Juraj Slafkovsky - Sabres : 4 - BlackHawks : 4.
5:01 of 3rd period - Ivan Barbashev wins face-off versus Brett Howden in neutral zone.
5:01 of 3rd period - Kirill Kaprizov is hit by Brett Howden and loses puck.
5:13 of 3rd period - Kirill Kaprizov is hit by Tobias Bjornfot and loses puck.
5:20 of 3rd period - Zach Sanford is hit by Kirill Kaprizov and loses puck.
5:35 of 3rd period - Shot by Zach Sanford.
5:35 of 3rd period - Shot Misses the Net.
5:57 of 3rd period - Shot by Jesper Fast.
5:57 of 3rd period - Stopped by Marc-Andre Fleury without a rebound.
5:58 of 3rd period - Tyler Seguin wins face-off versus Jonathan Drouin in BlackHawks zone.
6:15 of 3rd period - Shot by Ty Dellandrea.
6:15 of 3rd period - Stopped by James Reimer without a rebound.
6:16 of 3rd period - Jaden Schwartz wins face-off versus Blake Coleman in Sabres zone.
6:44 of 3rd period - Icing by Philippe Myers.
6:45 of 3rd period - Tyler Seguin wins face-off versus Blake Coleman in Sabres zone.
6:59 of 3rd period - Shot by Blake Coleman.
6:59 of 3rd period - Stopped by Marc-Andre Fleury with a rebound.
7:01 of 3rd period - Shot by Mason McTavish.
7:01 of 3rd period - Shot Misses the Net.
7:26 of 3rd period - Minor Penalty to Juraj Slafkovsky for Holding.
7:27 of 3rd period - Ivan Barbashev wins face-off versus Jansen Harkins in Sabres zone.
7:27 of 3rd period - Kirill Kaprizov is hit by Victor Soderstrom and loses puck.
7:34 of 3rd period - Shot by Ivan Barbashev.
7:34 of 3rd period - Stopped by James Reimer with a rebound.
7:36 of 3rd period - Shot by Kirill Kaprizov.
7:36 of 3rd period - Shot Misses the Net.
7:38 of 3rd period - Shot by Derek Forbort.
7:38 of 3rd period - Stopped by James Reimer without a rebound.
7:39 of 3rd period - Ivan Barbashev wins face-off versus Mason Appleton in Sabres zone.
8:19 of 3rd period - Shot by Ivan Barbashev.
8:19 of 3rd period - Shot Blocked by Tobias Bjornfot.
8:21 of 3rd period - Shot by Ivan Barbashev.
8:21 of 3rd period - Shot Misses the Net.
8:43 of 3rd period - Shot by Tyler Seguin.
8:43 of 3rd period - Deflect By Anders Lee.
8:43 of 3rd period - Stopped by James Reimer with a rebound.
8:45 of 3rd period - Shot by Braden Schneider.
8:45 of 3rd period - Stopped by James Reimer without a rebound.
8:46 of 3rd period - Jaden Schwartz wins face-off versus Mason Appleton in Sabres zone.
8:51 of 3rd period - Shot by Tyler Seguin.
8:51 of 3rd period - Stopped by James Reimer without a rebound.
8:52 of 3rd period - Mason Appleton wins face-off versus Jaden Schwartz in Sabres zone.
8:52 of 3rd period - Mason Appleton is hit by Jaden Schwartz.
9:02 of 3rd period - Shot by Jaden Schwartz.
9:02 of 3rd period - Shot Misses the Net.
9:04 of 3rd period - Shot by Braden Schneider.
9:04 of 3rd period - Stopped by James Reimer without a rebound.
9:05 of 3rd period - Blake Coleman wins face-off versus Ivan Barbashev in Sabres zone.
9:05 of 3rd period - Blake Coleman is hit by Ivan Barbashev.
9:14 of 3rd period - Icing by Derek Forbort.
9:15 of 3rd period - Blake Coleman wins face-off versus Ivan Barbashev in BlackHawks zone.
9:24 of 3rd period - Jesper Fast is hit by Ivan Barbashev and loses puck.
9:44 of 3rd period - Shot by Jonathan Drouin.
9:44 of 3rd period - Shot Blocked by Marc-Edouard Vlasic.
10:49 of 3rd period - Shot by Mason McTavish.
10:49 of 3rd period - Stopped by Marc-Andre Fleury without a rebound.
10:50 of 3rd period - Sonny Milano wins face-off versus Mason Appleton in BlackHawks zone.
11:05 of 3rd period - Shot by Max Domi.
11:05 of 3rd period - Shot Blocked by Victor Soderstrom.
12:58 of 3rd period - Corey Perry is hit by Braden Schneider and loses puck.
13:18 of 3rd period - Corey Perry is hit by Braden Schneider and loses puck.
13:49 of 3rd period - Icing by Kaedan Korczak.
13:50 of 3rd period - Ryan Donato wins face-off versus Jonathan Drouin in Sabres zone.
14:13 of 3rd period - Tobias Bjornfot is hit by Nick Ritchie.
14:25 of 3rd period - Shot by Mason Appleton.
14:25 of 3rd period - Shot Misses the Net.
14:32 of 3rd period - Off-side.
14:33 of 3rd period - Blake Coleman wins face-off versus Ivan Barbashev in neutral zone.
14:51 of 3rd period - Shot by Ivan Barbashev.
14:51 of 3rd period - Shot Misses the Net.
14:54 of 3rd period - Icing by Blake Coleman.
14:55 of 3rd period - Blake Coleman wins face-off versus Tyler Seguin in Sabres zone.
14:55 of 3rd period - Blake Coleman is hit by Ty Dellandrea.
14:58 of 3rd period - Icing by Jesper Fast.
14:59 of 3rd period - Tyler Seguin wins face-off versus Blake Coleman in Sabres zone.
16:08 of 3rd period - Shot by Derek Forbort.
16:08 of 3rd period - Shot Misses the Net.
16:21 of 3rd period - Kirill Kaprizov is hit by Milan Lucic and loses puck.
17:21 of 3rd period - Minor Penalty to Sonny Milano for Hooking.
17:21 of 3rd period - Minor Penalty to Philippe Myers for Hooking.
17:22 of 3rd period - Anders Lee wins face-off versus Mason Appleton in Sabres zone.
17:22 of 3rd period - Anders Lee is hit by Tobias Bjornfot.
17:45 of 3rd period - Jordan Martinook is hit by Victor Soderstrom and loses puck.
18:14 of 3rd period - Off-side.
18:15 of 3rd period - Mason McTavish wins face-off versus Ivan Barbashev in neutral zone.
18:15 of 3rd period - Brian Dumoulin is hit by Kirill Kaprizov and loses puck.
18:24 of 3rd period - Shot by Kirill Kaprizov.
18:24 of 3rd period - Stopped by James Reimer without a rebound.
18:25 of 3rd period - Ivan Barbashev wins face-off versus Mason Appleton in Sabres zone.
18:28 of 3rd period - Shot by Ivan Barbashev.
18:28 of 3rd period - Stopped by James Reimer with a rebound.
18:43 of 3rd period - Off-side.
18:44 of 3rd period - Ivan Barbashev wins face-off versus Mason McTavish in neutral zone.
19:06 of 3rd period - Shot by Juraj Slafkovsky.
19:06 of 3rd period - Stopped by Marc-Andre Fleury without a rebound.
19:07 of 3rd period - Jaden Schwartz wins face-off versus Mason Appleton in BlackHawks zone.
19:39 of 3rd period - Icing by Brian Dumoulin.
19:40 of 3rd period - Jaden Schwartz wins face-off versus Brett Howden in Sabres zone.
19:56 of 3rd period - Shot by Sonny Milano.
19:56 of 3rd period - Stopped by James Reimer without a rebound.
19:57 of 3rd period - Tyler Seguin wins face-off versus Mason Appleton in Sabres zone.
Goals for this period are 1 for Sabres vs 0 for BlackHawks.
Shots for this period are 10 for Sabres vs 15 for BlackHawks.

Overtime #1


0:01 of 1st overtime period - Mason McTavish wins face-off versus Ivan Barbashev in neutral zone.
1:03 of 1st overtime period - Shot by Andrei Kuzmenko.
1:03 of 1st overtime period - Stopped by James Reimer without a rebound.
1:04 of 1st overtime period - Blake Coleman wins face-off versus Jaden Schwartz in Sabres zone.
1:15 of 1st overtime period - Shot by Corey Perry.
1:15 of 1st overtime period - Shot Blocked by Braden Schneider.
1:33 of 1st overtime period - Shot by Andrei Kuzmenko.
1:33 of 1st overtime period - Stopped by James Reimer with a rebound.
1:35 of 1st overtime period - Shot by Braden Schneider.
1:35 of 1st overtime period - Shot Misses the Net.
2:06 of 1st overtime period - Icing by Marc-Edouard Vlasic.
2:07 of 1st overtime period - Ivan Barbashev wins face-off versus Mason McTavish in BlackHawks zone.
2:29 of 1st overtime period - Shot by Kirill Kaprizov.
2:29 of 1st overtime period - Shot Misses the Net.
3:07 of 1st overtime period - Shot by Jesper Fast.
3:07 of 1st overtime period - Shot Misses the Net.
3:09 of 1st overtime period - Shot by Jesper Fast.
3:09 of 1st overtime period - Shot Blocked by Braden Schneider.
3:11 of 1st overtime period - Shot by Jonathan Drouin.
3:11 of 1st overtime period - Shot Misses the Net.
3:19 of 1st overtime period - Shot by Jesper Fast.
3:19 of 1st overtime period - Stopped by Marc-Andre Fleury without a rebound.
3:20 of 1st overtime period - Ivan Barbashev wins face-off versus Blake Coleman in BlackHawks zone.
3:20 of 1st overtime period - Ivan Barbashev is hit by Corey Perry.
3:28 of 1st overtime period - Shot by Kirill Kaprizov.
3:28 of 1st overtime period - Shot Misses the Net.
3:30 of 1st overtime period - Shot by Kirill Kaprizov.
3:30 of 1st overtime period - Shot Misses the Net.
3:32 of 1st overtime period - Shot by Ivan Barbashev.
3:32 of 1st overtime period - Shot Misses the Net.
3:38 of 1st overtime period - Shot by Kirill Kaprizov.
3:38 of 1st overtime period - Shot Misses the Net.
3:48 of 1st overtime period - Shot by Kirill Kaprizov.
3:48 of 1st overtime period - Shot Misses the Net.
Goals for this period are 0 for Sabres vs 0 for BlackHawks.
Shots for this period are 1 for Sabres vs 2 for BlackHawks.

ShootOut


5:00 of 1st overtime period - Round #1.
5:00 of 1st overtime period - Sabres, Corey Perry.
5:00 of 1st overtime period - Stopped by Marc-Andre Fleury.
5:00 of 1st overtime period - BlackHawks, Kirill Kaprizov.
5:00 of 1st overtime period - Stopped by James Reimer.
5:00 of 1st overtime period - Round #2.
5:00 of 1st overtime period - Sabres, Mason McTavish.
5:00 of 1st overtime period - Stopped by Marc-Andre Fleury.
5:00 of 1st overtime period - BlackHawks, Ivan Barbashev.
5:00 of 1st overtime period - Goal by Ivan Barbashev.
5:00 of 1st overtime period - Round #3.
5:00 of 1st overtime period - Sabres, Jake Neighbours.
5:00 of 1st overtime period - Goal by Jake Neighbours.
5:00 of 1st overtime period - BlackHawks, Andrei Kuzmenko.
5:00 of 1st overtime period - Stopped by James Reimer.
5:00 of 1st overtime period - Round #4.
5:00 of 1st overtime period - Sabres, Jonathan Drouin.
5:00 of 1st overtime period - Goal by Jonathan Drouin.
5:00 of 1st overtime period - BlackHawks, Jaden Schwartz.
5:00 of 1st overtime period - Stopped by James Reimer.